AoeStats
← BenJames

African Clearing

506561091Analyzed
3v3 RM · 16d ago on Sep 14, 2026· 54m 25s· 6 players
Game mode
Random Map
Map size
Normal (6 player)
Population
200
Speed
Normal
Resources
Standard
Victory
Conquest
Starting age
Dark Age
Ending age
Imperial Age
RankedLock teamsTeams togetherTeam positionsShared explorationLock speedFull tech treeHidden civsTurbo modeCheats
Victory
Defeat
🇦🇷 Chinese · Argentina
1238
+13
🇦🇷 Inca · Argentina
1224
+14
🇦🇷 Cumans · Argentina
1183
+16
🇨🇦 Berbers · Canada
1225
-16
🇹🇷 Romans · Türkiye
1171
-14
🇨🇴 Mongols · Colombia
1146
-13
RICH FARMER
5:36 Loom
14:53 Feudal Age
18:28 Castle Age
16:49 Man-at-Arms
17:46 Scale Mail Armor
17:54 Town Watch
18:50 Long Swordsman
23:00 Wheelbarrow
23:32 Chain Mail Armor
24:52 Double-Bit Axe
26:55 Bow Saw
27:42 Pikeman
33:30 Gold Mining
34:45 Squires
34:59 Forging
39:13 Imperial Age
36:28 Horse Collar
39:05 Iron Casting
39:23 Legionary
40:00 Halberdier
46:09 Conscription
45:29 Heavy Scorpion
47:39 Siege Engineers
BenJames
8:49 Loom
14:29 Feudal Age
20:28 Fletching
23:25 Castle Age
23:05 Gold Mining
25:42 Padded Archer Armor
26:29 Crossbowman
38:19 Bloodlines
43:30 Ballistics
44:29 Bodkin Arrow
49:05 Scale Barding Armor
IPwnAllNoobs
10:20 Loom
12:55 Feudal Age
16:51 Castle Age
18:38 Double-Bit Axe
31:13 Horse Collar
32:03 Fletching
34:34 Wheelbarrow
34:24 Padded Archer Armor
34:51 Bodkin Arrow
36:08 Husbandry
39:13 Bloodlines
Rototom
4:37 Loom
13:01 Feudal Age
13:40 Double-Bit Axe
16:09 Padded Archer Armor
19:58 Fletching
26:39 Castle Age
25:36 Stone Mining
28:56 Bow Saw
29:15 Gold Mining
29:36 Horse Collar
31:29 Heavy Plow
35:48 Imperial Age
34:42 Gold Shaft Mining
33:44 Crossbowman
35:05 Bodkin Arrow
38:41 Two-Man Saw
40:00 Leather Archer Armor
41:02 Thumb Ring
41:28 Arbalester
43:31 Wheelbarrow
43:44 Stone Shaft Mining
43:23 Forging
43:19 Bracer
43:50 Ring Archer Armor
44:13 Conscription
46:15 Chemistry
45:36 Ballistics
47:34 Hand Cart
50:23 Elite Chu Ko Nu
53:25 Rocketry
Arielituzzz
3:47 Loom
12:10 Feudal Age
15:03 Double-Bit Axe
16:03 Gold Mining
19:28 Fletching
19:38 Padded Archer Armor
19:47 Horse Collar
24:21 Castle Age
27:43 Forging
36:43 Imperial Age
34:48 Wheelbarrow
34:42 Bodkin Arrow
35:41 Ballistics
36:05 Crossbowman
37:21 Heavy Plow
38:08 Bloodlines
39:33 Gold Shaft Mining
38:48 Stone Mining
40:05 Elite Steppe Lancer
41:50 Bow Saw
43:31 Conscription
44:16 Chemistry
44:57 Thumb Ring
54:40 Crop Rotation
-LN-cheperico
3:32 Loom
15:01 Feudal Age
15:29 Champi Runner
16:03 Arson
16:11 Double-Bit Axe
16:07 Horse Collar
18:08 Town Watch
19:46 Scale Mail Armor
21:19 Forging
23:08 Fletching
26:52 Castle Age
27:52 Chain Mail Armor
27:48 Squires
27:15 Champi Warrior
28:48 Wheelbarrow
28:37 Stone Mining
29:04 Bow Saw
30:46 Iron Casting
43:57 Imperial Age
41:48 Bodkin Arrow
43:51 Padded Archer Armor
45:35 Plate Mail Armor
46:06 Blast Furnace
46:37 Blast Furnace
46:18 Conscription
47:53 Elite Kamayuk
49:07 Bracer
50:00 Fabric Shields
50:06 Elite Champi Warrior
51:39 Hoardings
54:58 Chemistry
54:04 Siege Engineers
54:20 Ballistics
54:11 Masonry
53:41 Treadmill Crane
Connection lost

Rejoining the realm…

Still unreachable

The connection could not be restored.

Session expired

The server has moved on; the page needs a fresh start.